AoeStats
← 渣渣灰

Arena

510492423Analyzed
4v4 RM · 2d ago on Oct 1, 2026· 51m 3s· 8 players
Game mode
Random Map
Map size
Large (8 player)
Population
200
Speed
Normal
Resources
Standard
Victory
Conquest
Starting age
Dark Age
Ending age
Imperial Age
RankedLock teamsTeams togetherTeam positionsShared explorationLock speedFull tech treeHidden civsTurbo modeCheats
Victory
Defeat
🇪🇪 Hindustanis · Estonia
1345
+11
🇺🇸 Khmer · United States
1283
+14
🇨🇳 Britons · China
1242
+15
🇨🇳 Malay · China
1213
+16
🇨🇳 Burmese · China
1318
-17
🇨🇳 Goths · China
1263
-15
🇭🇰 Mongols · Hong Kong SAR China
1193
-13
🇨🇳 Japanese · China
1144
-11
FATBOY <OBAMA>
9:48 Feudal Age
13:33 Castle Age
11:48 Double-Bit Axe
11:46 Horse Collar
14:27 Bow Saw
14:17 Heavy Plow
16:16 Loom
20:39 Wheelbarrow
19:51 Loom
22:48 Gold Mining
26:09 Imperial Age
23:28 Town Watch
24:49 Gold Shaft Mining
24:04 Stone Mining
24:54 Scale Barding Armor
24:59 Forging
24:55 Scale Barding Armor
25:00 Forging
25:51 Bloodlines
25:42 Husbandry
26:32 Chain Barding Armor
26:10 Stone Mining
27:30 Iron Casting
26:45 Elite Battle Elephant
29:05 Plate Barding Armor
30:13 Blast Furnace
30:00 Conscription
30:17 Tusk Swords
31:31 Fletching
32:29 Hand Cart
32:16 Town Patrol
34:00 Bodkin Arrow
35:10 Heavy Scorpion
36:54 Chemistry
39:44 Ballistics
39:35 Masonry
39:35 Fortified Wall
39:19 Light Cavalry
40:56 Double Crossbow
45:47 Hussar
48:10 Bracer
51:43 Siege Engineers
52:09 Architecture
Enn Tore
11:05 Feudal Age
15:44 Castle Age
13:48 Double-Bit Axe
14:54 Loom
15:02 Horse Collar
17:03 Fletching
17:46 Bow Saw
19:26 Heavy Plow
19:22 Gold Mining
21:52 Wheelbarrow
21:03 Town Watch
27:44 Imperial Age
25:19 Padded Archer Armor
25:15 Stone Mining
27:04 Leather Archer Armor
29:29 Chemistry
29:27 Gold Shaft Mining
29:52 Conscription
30:16 Shatagni
33:58 Hand Cart
36:32 Ring Archer Armor
39:10 Bloodlines
39:01 Husbandry
38:22 Light Cavalry
42:38 Hussar
42:59 Heavy Camel Rider
43:55 Scale Barding Armor
44:00 Forging
47:11 Chain Barding Armor
46:59 Imperial Camel Rider
smallpox04
10:37 Feudal Age
14:12 Castle Age
12:02 Double-Bit Axe
11:59 Horse Collar
16:17 Bow Saw
19:59 Heavy Plow
20:31 Town Watch
21:55 Wheelbarrow
23:22 Gold Mining
24:40 Gold Shaft Mining
24:24 Stone Mining
27:53 Imperial Age
25:11 Loom
26:06 Hand Cart
26:40 Fletching
27:14 Padded Archer Armor
27:39 Bodkin Arrow
28:13 Scale Mail Armor
29:00 Ballistics
28:52 Bracer
29:53 Chemistry
29:20 Conscription
29:31 Pikeman
30:28 Leather Archer Armor
30:35 Yeomen
30:17 Guard Tower
30:53 Chain Mail Armor
30:02 Elite Longbowman
31:23 Siege Engineers
32:48 Two-Man Saw
32:02 Guard Tower
32:01 Arrowslits
32:51 Plate Mail Armor
32:34 Forging
32:26 Halberdier
34:18 Treadmill Crane
34:50 Masonry
35:49 Iron Casting
35:46 Ring Archer Armor
35:17 Squires
37:04 Architecture
37:09 Fortified Wall
37:13 Man-at-Arms
37:38 Gambesons
37:38 Arson
38:55 Blast Furnace
38:34 Hoardings
38:52 Guilds
39:13 Coinage
38:43 Caravan
38:51 Guard Tower
38:57 Murder Holes
39:40 Long Swordsman
41:03 Keep
40:23 Murder Holes
40:25 Two-Handed Swordsman
42:20 Banking
42:42 Town Patrol
42:05 Champion
592848337
13:45 Feudal Age
12:01 Loom
14:23 Double-Bit Axe
16:48 Castle Age
24:47 Stone Mining
35:23 Wheelbarrow
41:52 Horse Collar
48:38 Bow Saw
50:56 Hand Cart
50:26 Town Watch
见不久好
9:45 Feudal Age
13:41 Castle Age
12:04 Loom
21:11 Scale Barding Armor
22:14 Stone Mining
29:15 Husbandry
32:52 Wheelbarrow
31:42 Pikeman
32:22 Squires
33:12 Chain Barding Armor
37:07 Imperial Age
36:54 Light Cavalry
37:45 Bloodlines
37:49 Forging
38:23 Conscription
38:56 Hussar
51:03 Iron Casting
渣渣灰
11:13 Feudal Age
12:02 Loom
16:18 Castle Age
14:34 Double-Bit Axe
14:29 Man-at-Arms
15:33 Stone Mining
26:30 Gold Mining
27:49 Forging
28:19 Horse Collar
29:06 Bow Saw
34:16 Imperial Age
33:02 Gold Shaft Mining
32:30 Heavy Plow
33:59 Treadmill Crane
34:40 Ballistics
34:31 Long Swordsman
34:57 Gambesons
35:15 Two-Handed Swordsman
36:34 Iron Casting
35:59 Scale Mail Armor
36:06 Yasama
38:38 Blast Furnace
39:56 Champion
为何独自愁
10:26 Feudal Age
11:23 Double-Bit Axe
11:34 Loom
14:19 Castle Age
13:30 Horse Collar
17:28 Bow Saw
23:10 Heavy Plow
24:37 Gold Mining
25:36 Wheelbarrow
26:13 Stone Mining
28:12 Ballistics
29:00 Fletching
32:10 Imperial Age
30:22 Hand Cart
30:16 Bodkin Arrow
31:53 Padded Archer Armor
33:25 Gold Shaft Mining
33:28 Stone Shaft Mining
33:49 Bracer
34:52 Chemistry
34:08 Leather Archer Armor
33:39 Elite Mangudai
36:42 Elite Steppe Lancer
37:34 Scale Barding Armor
37:39 Forging
38:23 Husbandry
38:34 Bloodlines
38:49 Chain Barding Armor
38:04 Cavalier
40:59 Light Cavalry
42:47 Iron Casting
44:42 Blast Furnace
43:14 Elite Skirmisher
44:20 Hussar
dy小妖
11:59 Feudal Age
13:03 Double-Bit Axe
13:36 Horse Collar
16:03 Castle Age
18:27 Bow Saw
18:31 Heavy Plow
22:46 Wheelbarrow
22:51 Gold Mining
29:11 Imperial Age
26:33 Loom
26:50 Scale Mail Armor
27:14 Squires
27:22 Anarchy
27:53 Chain Mail Armor
27:58 Hand Cart
27:29 Town Watch
29:04 Forging
30:50 Iron Casting
30:00 Elite Huskarl
30:06 Pikeman
30:54 Perfusion
31:16 Conscription
30:48 Halberdier
33:22 Blast Furnace
33:31 Two-Man Saw
34:05 Elite Huskarl
Connection lost

Rejoining the realm…

Still unreachable

The connection could not be restored.

Session expired

The server has moved on; the page needs a fresh start.